 Dungeon Crawl Stone Soup version 0.29-a0-322-g68df515428 (webtiles) character file.

Game seed: 4020170259863150094

7696 GordonOverkill the Carver (level 11, -3/69 HPs)
             Began as a Deep Elf Hunter on Apr 8, 2022.
             Was a Believer of Okawaru.
             Splashed by a brown ugly thing's acid (10 damage)
             ... on level 9 of the Dungeon.
             The game lasted 00:20:48 (12355 turns).

GordonOverkill the Carver (Deep Elf Hunter)        Turns: 12355, Time: 00:20:49

Health: -3/69      AC:  8    Str: 19    XL:     11   Next: 0%
Magic:  15/15      EV:  7    Int: 15    God:    Okawaru [**....]
Gold:   321        SH:  8    Dex: 19    Spells: 10/10 levels left

rFire   + . .      SeeInvis .   j - +8 falchion "Nofezam" {protect, Fragile rN+ Will+++ Dex+3}
rCold   + . .      Faith    .   v - +0 kite shield
rNeg    + . .      Spirit   .   E - +1 chain mail of Snakes and Ladders {Regen+ Str+7 Dex-2}
rPois   .          Reflect  .   k - +1 helmet
rElec   .          Harm     .   F - +0 cloak
rCorr   .          Rampage  .   (no gloves)
Will    ++++.                   (no boots)
Stlth   ..........              p - amulet of the acrobat
HPRegen 1.01/turn               i - ring of protection from fire
MPRegen 0.14/turn               r - ring of protection from cold

@: corroded, under a protective aura
A: screaming 1
a: Renounce Religion, Heroism


You were on level 9 of the Dungeon.
You worshipped Okawaru.
Okawaru was pleased with you.
You visited 2 branches of the dungeon, and saw 10 of its levels.

You collected 421 gold pieces.
You spent 100 gold pieces at shops.

Inventory:

Hand Weapons
 a - a +2 shortbow of freezing
 e - the +11 plutonium sword {Contam Stlth-}
   (You found it on level 3 of the Dungeon)

   It occasionally inflicts wild transmutation effects on those it strikes,
   inflicting malmutation or extra damage, or polymorphing them into a new form.
   Contam:    It causes magical contamination when unequipped.
   Stlth:     It makes you less stealthy.
 j - the +8 falchion "Nofezam" (weapon) {protect, Fragile rN+ Will+++ Dex+3}
   (You found it on level 3 of the Dungeon)

   It grants its wielder temporary protection when it strikes (+7 to AC).
   Dex:       It affects your dexterity (+3).
   rN:        It protects you from negative energy.
   Fragile:   It will be destroyed if unequipped.
   Will:      It greatly increases your willpower.
Missiles
 C - a curare-tipped dart (quivered)
Armour
 k - a +1 helmet (worn)
 v - a +0 kite shield (worn)
 E - the +1 chain mail of Snakes and Ladders (worn) {Regen+ Str+7 Dex-2}
   (You took it off a gnoll on level 7 of the Dungeon)

   Str:       It affects your strength (+7).
   Dex:       It affects your dexterity (-2).
   Regen:     It increases your rate of health regeneration.
 F - a +0 cloak (worn)
 I - a +1 ring mail of poison resistance
Jewellery
 i - a ring of protection from fire (left hand)
 p - an amulet of the acrobat (around neck)
 r - a ring of protection from cold (right hand)
 t - a ring of willpower
 w - a ring of see invisible
 D - a +6 ring of intelligence
 G - a ring of wizardry
Wands
 A - a wand of paralysis (4)
Scrolls
 c - 5 scrolls of immolation
 n - a scroll of amnesia
 o - 5 scrolls of teleportation
 s - 3 scrolls of brand weapon
 x - a scroll of blinking
 y - a scroll of enchant weapon
 B - a scroll of torment
 H - a scroll of vulnerability {unknown}
Potions
 b - a potion of might
 d - 2 potions of attraction
 f - a potion of ambrosia
 g - 2 potions of mutation
 h - a potion of haste
 l - a potion of heal wounds
 m - a potion of brilliance
 q - a potion of lignification
 u - a potion of curing
 z - a potion of invisibility


   Skills:
 + Level 8.4 Fighting
 + Level 10.1 Long Blades
 - Level 6.1 Bows
 - Level 2.0 Throwing
 - Level 4.0 Armour
 - Level 4.0 Dodging
 - Level 1.2 Stealth
 + Level 3.6 Invocations
 - Level 4.0 Evocations


You had 10 spell levels left.
You didn't know any spells.
Your spell library contained the following spells:

 Spells                   Type           Power      Damage    Failure   Level
 Slow                     Hex            0%         N/A       100%        1
 Blink                    Tloc           0%         N/A       100%        2
 Corpse Rot               Necr/Air       0%         N/A       100%        2
 Poisonous Vapours        Pois/Air       0%         N/A       100%        2
 Scorch                   Fire           0%         2d5       100%        2
 Confusing Touch          Hex            0%         N/A       100%        3
 Vampiric Draining        Necr           0%         2d6       100%        3
 Flame Wave               Conj/Fire      0%         2d4       100%        4
 Blade Hands              Tmut           0%         N/A       100%        5
 Irradiate                Conj/Tmut      0%         3d13      100%        5
 Manifold Assault         Tloc           0%         N/A       100%        5
 Dragon Form              Tmut           0%         N/A       100%        7
 Storm Form               Tmut/Air       0%         N/A       100%        7
 Summon Cactus Giant      Summ           Unusable   N/A       N/A         6
 Malign Gateway           Summ/Tloc      Unusable   N/A       N/A         7
 Summon Horrible Things   Summ           Unusable   N/A       N/A         8

Dungeon Overview and Level Annotations

Branches:
Dungeon (9/15)             Temple (1/1) D:7            Lair (0/6) D:8
    Orc: D:9-12

Altars:
Ashenzari
Cheibriados
Dithmenos
Elyvilon
Fedhas
Gozag
Hepliaklqana
Kikubaaqudgha
Makhleb
Nemelex Xobeh
Okawaru
Qazlal
Ru
Sif Muna
Trog
Uskayaw
Vehumet
Wu Jian
Xom
Yredelemnul
Zin
The Shining One

Shops:
D:4 *   D:7 (


Innate Abilities, Weirdness & Mutations

You occasionally shout uncontrollably at your foes.


Message History

a +0 whip; a +0 spear
There is a stone staircase leading up here.
You climb upwards.
There is a stone staircase leading down here.
You climb downwards.
The brown ugly thing pecks you! The acid corrodes you!
You are splashed with acid!
There is a stone staircase leading up here.
Throw: 2 darts (curare)
Press: ? - help, Q - select action, (/) - cycle Shift-Dir - straight line, f - brown ugly thing
Aim: a brown ugly thing (66% to hit)
You throw a curare-tipped dart.
The curare-tipped dart hits the brown ugly thing.
The brown ugly thing is poisoned.
The brown ugly thing convulses.
The brown ugly thing seems to slow down.
The brown ugly thing is lightly wounded.
The brown ugly thing pecks you!
* * * LOW HITPOINT WARNING * * *
You are splashed with acid!
* * * LOW HITPOINT WARNING * * *
You hit the brown ugly thing but do no damage.
Your weapon exudes an aura of protection.
The brown ugly thing is lightly wounded.
The brown ugly thing pecks you.
* * * LOW HITPOINT WARNING * * *
The acid corrodes you!
You are splashed with acid!
* * * LOW HITPOINT WARNING * * *
You closely miss the brown ugly thing.
The brown ugly thing is lightly wounded.
You hit the brown ugly thing.
The brown ugly thing is lightly wounded.
The brown ugly thing pecks you.
* * * LOW HITPOINT WARNING * * *
The acid corrodes you!
You are splashed with acid!
* * * LOW HITPOINT WARNING * * *
You closely miss the brown ugly thing.
The brown ugly thing is lightly wounded.
The brown ugly thing pecks you!
* * * LOW HITPOINT WARNING * * *
You are splashed with acid!
You die...

#.......># #.##########.#.#
#.######.# #.#.# #.#.# #.#
#.# #.#.########.#.# #.#
#.# #.#..........#)# #.#
#.###.############.# #.#
#.#................# #.#
#####.#.##############
#.####...).................
#.........@................
######...u...##############
#######.# #....... #)#
#.###### #.# #.# # #[#
#.###### #)# #......o
#)#######.......
#...............


You could see a brown ugly thing (very poisoned, slow).

Vanquished Creatures
  A two-headed ogre (D:8)
  An ugly thing (D:8)
  A troll (D:9)
  A hornet (D:8)
  A slime creature (D:9)
  A shadow (D:9)
  Sigmund (D:3)
  A wraith (D:6)
  A wyvern (D:9)
  A yak (D:8)
  4 steam dragons
  Edmund (D:5)
  A water moccasin (D:6)
  8 orc warriors
  4 black bears
  2 ice beasts (D:6)
  4 sky beasts
  3 ogres
  3 centaurs
  2 kobold brigands (D:9)
  3 bullfrogs (D:8)
  3 scorpions
  A gnoll sergeant (D:9)
  A necrophage (D:5)
  A wight (D:9)
  8 killer bees (D:8)
  2 electric eels (D:9)
  2 howler monkeys
  A jelly (D:6)
  5 gnoll shamans
  7 orc priests
  Crazy Yiuf (D:7)
  2 hounds
  5 iguanas
  Natasha (thrice) (D:3)
  Terence (D:3)
  9 orc wizards
  Robin (D:3)
  21 gnolls
  3 adders
  A shadow imp (D:6)
  2 ufetubi
  A worm (D:4)
  A dart slug (D:4)
  39 orcs
  4 endoplasms
  12 goblins
  10 hobgoblins
  15 kobolds
  5 quokkas
  4 ball pythons
  4 bats
  3 frilled lizards (D:1)
  6 rats
229 creatures vanquished.

Vanquished Creatures (others)
  An orc (D:9)
  19 fungi (D:8)
  21 plants (D:8)
41 creatures vanquished.

Grand Total: 270 creatures vanquished

Notes
Turn   | Place    | Note
-------+----------+-------------------------------------------
     0 | D:1      | GordonOverkill the Deep Elf Hunter began the quest for the
                  | Orb.
     0 | D:1      | Reached XP level 1. HP: 12/12 MP: 3/3
   175 | D:1      | Found a faded altar of an unknown god.
   209 | D:1      | Reached XP level 2. HP: 17/17 MP: 4/4
  1095 | D:2      | Reached XP level 3. HP: 21/21 MP: 5/5
  1459 | D:3      | Found the +11 plutonium sword {Contam Stlth-}
  1542 | D:3      | Noticed Sigmund
  1565 | D:3      | Killed Sigmund
  1566 | D:3      | Reached skill level 3 in Long Blades
  1566 | D:3      | Reached XP level 4. HP: 11/26 MP: 6/6
  1566 | D:3      | Reached XP level 5. HP: 13/30 MP: 7/7
  1798 | D:3      | Identified the +8 falchion "Nofezam" {protect, Fragile rN+
                  | Will+++ Dex+3}
  1809 | D:3      | Noticed Natasha
  1817 | D:3      | Killed Natasha
  1818 | D:3      | Reached skill level 4 in Long Blades
  1936 | D:3      | Gained mutation: You occasionally shout uncontrollably at
                  | your foes. [mutagenic glow]
  1992 | D:3      | Noticed Natasha
  2000 | D:3      | Killed Natasha
  2012 | D:3      | Noticed Robin
  2132 | D:2      | Reached XP level 6. HP: 5/35 MP: 8/8
  2569 | D:3      | Killed Robin
  2593 | D:3      | Noticed Terence
  2799 | D:3      | Killed Terence
  3177 | D:3      | Noticed Natasha
  3183 | D:3      | Killed Natasha
  3566 | D:3      | Reached skill level 5 in Long Blades
  3890 | D:4      | Identified the +8 short sword of Innocence {drain, Will+}
  4039 | D:4      | Found Fischuhipt's Assorted Antiques.
  4044 | D:4      | Bought a twisted golden amulet for 85 gold pieces
  4044 | D:4      | Bought a glowing white potion for 15 gold pieces
  4186 | D:4      | Reached XP level 7. HP: 39/39 MP: 9/9
  4479 | D:5      | Entered Level 5 of the Dungeon
  4633 | D:5      | Noticed Edmund
  4775 | D:5      | Killed Edmund
  5148 | D:5      | Reached skill level 6 in Long Blades
  5838 | D:5      | Reached XP level 8. HP: 34/48 MP: 10/10
  5972 | D:6      | Reached skill level 5 in Fighting
  6182 | D:5      | Reached skill level 7 in Long Blades
  7168 | D:6      | Reached skill level 8 in Long Blades
  7168 | D:6      | Reached XP level 9. HP: 55/55 MP: 11/11
  7251 | D:7      | Reached skill level 1 in Armour
  7398 | D:7      | Identified the +1 chain mail of Snakes and Ladders {Regen+
                  | Str+7 Dex-2}
  7574 | D:7      | Found a hazy altar of Hepliaklqana.
  7621 | D:7      | Found a staircase to the Ecumenical Temple.
  7844 | D:7      | Found Ythekkecu's Antique Weapon Shoppe.
  8050 | D:7      | Found a runed translucent door.
  8051 | D:7      | Noticed Crazy Yiuf
  8057 | D:7      | Killed Crazy Yiuf
  8341 | D:8      | Noticed a two-headed ogre
  8991 | D:8      | Killed a two-headed ogre
  8992 | D:8      | Reached skill level 9 in Long Blades
  8992 | D:8      | Reached XP level 10. HP: 27/63 MP: 12/12
  9132 | D:8      | Reached skill level 1 in Evocations
  9393 | D:8      | Found a staircase to the Lair.
  9539 | Temple   | Entered the Ecumenical Temple
  9807 | Temple   | Became a worshipper of Warmaster Okawaru
 10225 | D:9      | Reached skill level 1 in Invocations
 11362 | D:9      | Reached * piety under Okawaru
 11407 | D:9      | Reached skill level 10 in Long Blades
 11407 | D:9      | Reached skill level 1 in Throwing
 11831 | D:8      | Found a staircase to the Lair.
 12150 | D:9      | Noticed a brown ugly thing
 12160 | D:9      | Noticed a brown ugly thing
 12183 | D:8      | Killed a cyan ugly thing
 12330 | D:9      | Reached ** piety under Okawaru
 12331 | D:9      | Reached XP level 11. HP: 54/69 MP: 15/15
 12355 | D:9      | Splashed by a brown ugly thing's acid

Illustrated notes

Levels and vault maps discovered:
D:1:      sevenhm_arrival_forest_fort_small_3, layout_basic,
          hellmonk_ecumenical_altar_crossroads, corexii_leaking_fountain,
          minivault_5, roderic_serpentine_path, solitary_fountain,
          minmay_pentomino_z4
D:2:      layout_loops_cross
D:3:      layout_loops_ring, uniq_natasha, uniq_robin, uniq_terence,
          uniq_sigmund
D:4:      layout_loops_ring, serial_shops, nicolae_shop_hallway_plus
D:5:      nicolae_cairo_tiling, layout_basic, uniq_edmund
D:6:      layout_cave_pools, serial_column_ruins, column_ruins_square_medium,
          column_ruins_circle_medium, column_ruins_grid_1,
          column_ruins_open_tiny, column_ruins_open_medium, column_ruins_grid_1,
          column_ruins_grid_3, column_ruins_corridor_corner,
          supply_closet_lemuel
D:7:      layout_basic, mainiacjoe_overflow_small_starburst,
          minmay_temple_entry_grid, serial_shops, nicolae_shop_crystal,
          uniq_crazy_yiuf_cottage
D:8:      layout_loops_ring, grunt_lair_entry_orc_guard_hut, serial_bayou_pond_e
D:9:      layout_basic, erik_orc_2, minmay_pinched_square
Temple:   regret_index_temple_sigil_plot

Skill      XL: |  1  2  3  4  5  6  7  8  9 10 |
---------------+-------------------------------+-----
Bows           | 6 |  6.1
Fighting       | 2 3 4 6 7 8 |  8.4
Long Blades    | 3 4 5 6 8 9 10 | 10.1
Armour         | 4 |  4.0
Evocations     | 4 |  4.0
Invocations    | 3 |  3.6
Dodging        | 4 |  4.0
Throwing       | 2 |  2.0
Stealth        | |  1.2

Action                   |  1- 3 |  4- 6 |  7- 9 | 10-12 || total
-------------------------+-------+-------+-------+-------++-------
Melee: Triple sword      |     6 |     8 |       |       ||    14
       Falchion          |       |    89 |   289 |   324 ||   702
 Fire: Shortbow          |    79 |       |       |       ||    79
Throw: Dart              |       |       |       |     2 ||     2
Evoke: Wand              |       |       |     1 |     3 ||     4
  Use: Scroll            |     7 |     1 |     8 |     2 ||    18
       Potion            |       |     1 |     2 |       ||     3
 Stab: Paralysed         |       |       |     5 |     5 ||    10
Armor: Ring mail         |    10 |    34 |    83 |       ||   127
       Chain mail        |       |       |    55 |   182 ||   237
Dodge: Dodged            |    15 |    57 |   112 |   149 ||   333
Block: Kite shield       |       |       |   111 |   150 ||   261

Table legend: (Time is in decaauts)
 A = Elapsed time spent in this place.
 B = Non-inter-level travel time spent in this place.
 C = Inter-level travel time spent in this place.
 D = Time resting spent in this place.
 E = Time spent auto-exploring this place.
 F = Levels seen in this place.
 G = Mean time per level.
                   A        B        C        D        E       F      G
               +--------+--------+--------+--------+--------+-----+--------+
         Total |  12469 |  11952 |    517 |   3675 |   5873 |  10 | 1246.9 |
       Dungeon |  12178 |  11702 |    476 |   3675 |   5647 |   9 | 1353.1 |
        Temple |    291 |    251 |     40 |      0 |    226 |   1 |  291.0 |
               +--------+--------+--------+--------+--------+-----+--------+

Top non-repeatable levels by time:
     D:8: 2328 daAuts
     D:3: 1624 daAuts
     D:5: 1425 daAuts
     D:9: 1353 daAuts
     D:2: 1197 daAuts
     D:7: 1163 daAuts
     D:4: 1109 daAuts
     D:6: 1109 daAuts
     D:1: 865 daAuts
  Temple: 291 daAuts
